 Dungeon Crawl Stone Soup version 0.31-a0-1308-ga3cce3a448 (webtiles) character file.

Game seed: 17278206317385356602

124 jlumianski the Ruffian (level 5, -1/60 HPs)
             Began as a Gnoll Shapeshifter on Dec 19, 2023.
             Slain by an orc
             ... wielding a +2 vampiric hand axe
              (3 damage)
             ... on level 3 of the Dungeon.
             The game lasted 00:07:01 (2209 turns).

jlumianski the Ruffian (Gnoll Shapeshifter)         Turns: 2209, Time: 00:07:02

Health: -1/60      AC: 22    Str: 15    XL:     5   Next: 8%
Magic:  7/7        EV:  2    Int:  9    God:
Gold:   157        SH:  0    Dex: 12    Spells: 6/6 levels left

rFire   . .          .
                       - Unarmed
rCold   . . .        (no shield)
rNeg    . . .        f - melded +0 plate armour
rPois   +            (helmet currently unavailable)
rElec   .            (cloak currently unavailable)
rCorr   .            (gloves currently unavailable)
SInv    .            (boots currently unavailable)
Will    .....        (no amulet)
Stlth   ++           (no ring)
HPRegen 0.30/turn    (no ring)
MPRegen 0.10/turn

%: no passive effects
@: tree-form
A: stationary, stasis, torment immunity, boosted hp, (fangs 1), strong nose,
distributed training
a: no special abilities


You were on level 3 of the Dungeon.
You were a tree.
You visited 1 branch of the dungeon, and saw 4 of its levels.

You collected 157 gold pieces.

Inventory:

Hand Weapons
 m - a +0 sling
Missiles
 e - 2 poisoned darts (quivered)
Armour
 a - a +0 animal skin
 f - a +0 plate armour (melded)
Talismans
 c - a beast talisman
 d - a flux talisman
Scrolls
 j - 2 scrolls of noise {unknown}
 k - 2 scrolls of identify {unknown}
 n - a scroll of enchant armour {unknown}
Potions
 b - a potion of lignification
 g - a potion of enlightenment {unknown}
 h - 2 potions of magic
 i - a potion of degeneration {unknown}
 l - a potion of resistance {unknown}


   Skills:
 + Level 2.9 Fighting
 + Level 1.4 Short Blades
 + Level 1.4 Long Blades
 + Level 1.4 Axes
 + Level 1.4 Maces & Flails
 + Level 1.4 Polearms
 + Level 1.4 Staves
 + Level 1.4 Ranged Weapons
 + Level 1.4 Throwing
 + Level 1.4 Armour
 + Level 4.7 Dodging
 + Level 1.4 Stealth
 + Level 1.4 Shields
 + Level 6.6 Unarmed Combat
 + Level 1.4 Spellcasting
 + Level 1.1 Conjurations
 + Level 1.1 Hexes
 + Level 1.1 Summonings
 + Level 1.1 Necromancy
 + Level 1.1 Translocations
 + Level 1.1 Transmutations
 + Level 1.1 Fire Magic
 + Level 1.1 Ice Magic
 + Level 1.1 Air Magic
 + Level 1.1 Earth Magic
 + Level 1.1 Poison Magic
 + Level 1.5 Invocations
 + Level 1.4 Evocations
 + Level 6.6 Shapeshifting


You had 6 spell levels left.
You didn't know any spells.
Your spell library contained the following spells:

 Spells                   Type           Power      Damage    Failure   Level
 Scorch                   Fire           4%         2d5       34%         2
 Flame Wave               Conj/Fire      2%         2d4       92%         4
 Summon Cactus Giant      Summ           1%         N/A       100%        6


Dungeon Overview and Level Annotations

Branches:
Dungeon (4/15)
 Temple: D:4-7

Altars:

Annotations:
D:2 1 runed translucent door, Crazy Yiuf


Innate Abilities, Weirdness & Mutations

You are a tree.
Your roots penetrate the ground, keeping you stationary.
You cannot be teleported.
You are immune to unholy pain and torment.
Your maximum health is greatly increased.
Your equipment is partially melded.
((You have very sharp teeth.))
Your uncanny sense of smell can sniff out nearby items.
Your experience applies equally to all skills.


Message History

The sling bullet barely misses you.
The orc priest mumbles some strange prayers to Beogh against you.
Beogh smites you!
The goblin shoots a sling bullet.
The sling bullet hits you.
There is a stone staircase leading up here.
The orc hits you but does no damage. The orc barely misses you.
The orc priest hits you with a +0 war axe!
The goblin unwields a +0 sling.
The goblin wields a +0 dagger.
The goblin hits you but does no damage.
You climb upwards.
There is a stone staircase leading down here.
You punch the goblin!
You kill the goblin!
The orc hits you but does no damage.
The orc priest hits you with a +0 war axe.
* * * LOW HITPOINT WARNING * * *
The orc hits you with a +2 vampiric hand axe.
* * * LOW HITPOINT WARNING * * *
The orc priest hits you with a +0 war axe.
* * * LOW HITPOINT WARNING * * *
The orc hits you with a +2 vampiric hand axe.
* * * LOW HITPOINT WARNING * * *
Things that are here:
a +0 dagger; a +0 sling; a goblin corpse It was a potion of magic.
Magic courses through your body. The orc hits you but does no damage.
The orc priest hits you but does no damage.
The orc hits you but does no damage.
Your transformation has ended.
You turn into a tree.
Your +0 plate armour melds into your body.
Your roots penetrate the ground.
The orc hits you but does no damage.
The orc priest hits you but does no damage.
The orc hits you but does no damage.
You barely miss the orc priest. The orc hits you but does no damage.
The orc priest hits you but does no damage.
The orc hits you but does no damage.
You closely miss the orc priest. The orc hits you but does no damage.
The orc priest hits you but does no damage.
The orc hits you with a +2 vampiric hand axe.
You die...

#.## #..####..##..
#..# ##.#####....#
#.#####..#.....#..
##..........###.##.
#..#######.####.##.
#........P.......^.
##.###~~~~P~~.#..†.
#.##~.~♣♣~~.....##
#♣o.P~~♣♣♣~P#...##
#oo..P♣♣ ♣~~~#.).#
#.#P.~P♣ ♣~~.#.#.#
#.##.PP♣♣♣~~P..#.#
#.# #~~♣~~~~~P.#.#
#.# .P~~~~~......
#.# .PPP....##..
#.# #######.###.
#.# #.......##.


You could see an orc priest and 2 orcs.

Vanquished Creatures
  Terence (D:2)
  4 adders
  A worm (D:1)
  A dart slug (D:1)
  2 orcs (D:3)
  6 ball pythons
  5 bats
  2 endoplasms
  2 giant cockroaches
  3 goblins
  7 hobgoblins
  3 jackals (D:1)
  2 kobolds
  3 quokkas
  5 frilled lizards
  8 rats
55 creatures vanquished.

Notes
Turn   | Place    | Note
-------+----------+-------------------------------------------
     0 | D:1      | jlumianski the Gnoll Shapeshifter began the quest for the
                  | Orb.
     0 | D:1      | Reached XP level 1. HP: 17/17 MP: 1/1
   150 | D:1      | Reached XP level 2. HP: 14/23 MP: 2/2
   543 | D:1      | Reached XP level 3. HP: 15/28 MP: 3/3
   635 | D:2      | Reached skill level 1 in Invocations
   647 | D:2      | Noticed Terence
   884 | D:2      | Reached skill level 1 in Short Blades
   884 | D:2      | Reached skill level 1 in Long Blades
   884 | D:2      | Reached skill level 1 in Axes
   884 | D:2      | Reached skill level 1 in Maces & Flails
   884 | D:2      | Reached skill level 1 in Polearms
   884 | D:2      | Reached skill level 1 in Staves
   884 | D:2      | Reached skill level 1 in Ranged Weapons
   884 | D:2      | Reached skill level 1 in Throwing
   884 | D:2      | Reached skill level 1 in Armour
   884 | D:2      | Reached skill level 1 in Stealth
   884 | D:2      | Reached skill level 1 in Shields
   884 | D:2      | Reached skill level 1 in Spellcasting
   884 | D:2      | Reached skill level 1 in Evocations
   966 | D:3      | Reached XP level 4. HP: 34/34 MP: 5/5
  1323 | D:2      | Killed Terence
  1324 | D:2      | Reached skill level 1 in Conjurations
  1324 | D:2      | Reached skill level 1 in Hexes
  1324 | D:2      | Reached skill level 1 in Summonings
  1324 | D:2      | Reached skill level 1 in Necromancy
  1324 | D:2      | Reached skill level 1 in Translocations
  1324 | D:2      | Reached skill level 1 in Transmutations
  1324 | D:2      | Reached skill level 1 in Fire Magic
  1324 | D:2      | Reached skill level 1 in Ice Magic
  1324 | D:2      | Reached skill level 1 in Air Magic
  1324 | D:2      | Reached skill level 1 in Earth Magic
  1324 | D:2      | Reached skill level 1 in Poison Magic
  1428 | D:2      | Found a runed translucent door.
  1429 | D:2      | Noticed Crazy Yiuf
  2075 | D:3      | Reached XP level 5. HP: 40/40 MP: 5/7
  2205 | D:3      | HP: 1/40 [orc/+2 vampiric hand axe (3)]
  2209 | D:3      | Slain by an orc

Illustrated notes

Levels and vault maps discovered:
D:1:      minmay_arrival_widening_spiral_wide, layout_rooms
D:2:      layout_basic, uniq_crazy_yiuf_cottage, uniq_terence
D:3:      layout_rooms, serial_bayou_pond_c
D:4:      layout_layer_cave, nicolae_qazlal_scattered_showers,
          mainiacjoe_overflow_alcove_1, minmay_misc_feat_rows, minivault_26,
          serial_library_hellmonk_angled_corner

Skill      XL: |  1  2  3  4 |
---------------+-------------+-----
Invocations    | 1 |  1.5
Short Blades   | 1 |  1.4
Long Blades    | 1 |  1.4
Axes           | 1 |  1.4
Maces & Flails | 1 |  1.4
Polearms       | 1 |  1.4
Staves         | 1 |  1.4
Ranged Weapons | 1 |  1.4
Throwing       | 1 |  1.4
Armour         | 1 |  1.4
Stealth        | 1 |  1.4
Shields        | 1 |  1.4
Spellcasting   | 1 |  1.4
Evocations     | 1 |  1.4
Conjurations   | 1 |  1.1
Hexes          | 1 |  1.1
Summonings     | 1 |  1.1
Necromancy     | 1 |  1.1
Translocations | 1 |  1.1
Transmutations | 1 |  1.1
Fire Magic     | 1 |  1.1
Ice Magic      | 1 |  1.1
Air Magic      | 1 |  1.1
Earth Magic    | 1 |  1.1
Poison Magic   | 1 |  1.1
Fighting       | |  2.9
Dodging        | |  4.7
Unarmed Combat | |  6.6
Shapeshifting  | |  6.6

Action                     |  1- 3 |  4- 6 || total
---------------------------+-------+-------++-------
  Melee: Unarmed           |    74 |    45 ||   119
         Bite              |     3 |     1 ||     4
         Punch             |     2 |     5 ||     7
  Throw: Dart              |       |     2 ||     2
    Use: Potion            |       |     2 ||     2
 Armour: Animal skin       |     7 |       ||     7
         Plate armour      |    57 |    51 ||   108
         Skin              |       |     9 ||     9
  Dodge: Dodged            |    23 |    15 ||    38

Table legend: (Time is in decaauts)
 A = Elapsed time spent in this place.
 B = Non-inter-level travel time spent in this place.
 C = Inter-level travel time spent in this place.
 D = Time resting spent in this place.
 E = Time spent auto-exploring this place.
 F = Levels seen in this place.
 G = Mean time per level.
                   A        B        C        D        E       F      G
               +--------+--------+--------+--------+--------+-----+--------+
         Total |   2204 |   2142 |     62 |    244 |   1143 |   4 |  551.0 |
       Dungeon |   2204 |   2142 |     62 |    244 |   1143 |   4 |  551.0 |
               +--------+--------+--------+--------+--------+-----+--------+

Top non-repeatable levels by time:
     D:2: 1069 daAuts
     D:1: 719 daAuts
     D:3: 405 daAuts
     D:4: 11 daAuts
